 Dungeon Crawl Stone Soup version 0.28.0-47-ge53b351184 (webtiles) character file.

Game seed: 1059286304646385414

212 styxcanada the Covert (level 5, 0/26 HPs)
             Began as a Spriggan Brigand on May 9, 2022.
             Slain by an ogre
             ... wielding a +0 giant club
              (26 damage)
             ... on level 4 of the Dungeon.
             The game lasted 00:10:45 (3439 turns).

styxcanada the Covert (Spriggan Brigand)            Turns: 3439, Time: 00:10:46

Health: 0/26       AC:  4    Str:  7    XL:     5   Next: 58%
Magic:  8/8        EV: 18    Int: 13    God:
Gold:   245        SH:  0    Dex: 18    Spells: 7/7 levels left

rFire   . . .      SeeInvis +   a - +2 dagger (venom)
rCold   . . .      Faith    .   (no shield)
rNeg    . . .      Spirit   .   b - +0 robe
rPois   .          Reflect  .   o - +1 hat
rElec   .          Harm     .   c - +0 cloak
rCorr   .          Rampage  .   (gloves unavailable)
Will    .....                   (boots unavailable)
Stlth   ++++......              g - amulet of regeneration
HPRegen 0.88/turn               (no ring)
MPRegen 0.11/turn               (no ring)

@: very quick
A: very small, no large weapons, unfitting armour, see invisible, speed 3
a: no special abilities


You were on level 4 of the Dungeon.
You visited 1 branch of the dungeon, and saw 4 of its levels.

You collected 245 gold pieces.

Inventory:

Hand Weapons
 a - a +2 dagger of venom (weapon)
 j - a +0 dagger of protection
Missiles
 d - 6 poisoned darts (quivered)
 e - a curare-tipped dart
 n - 3 atropa-tipped darts
 p - 67 stones
 t - 15 sling bullets
Armour
 b - a +0 robe (worn)
 c - a +0 cloak (worn)
 o - a +1 hat (worn)
Jewellery
 g - an amulet of regeneration (around neck)
Scrolls
 h - a scroll of fog
 i - 2 scrolls of identify
 k - a scroll of enchant armour {unknown}
 m - a scroll of magic mapping
 s - a scroll of immolation
 v - a scroll of brand weapon
Potions
 f - a potion of ambrosia
 l - a potion of heal wounds
 q - a potion of curing
 r - a potion of magic
 u - a potion of flight {unknown}


   Skills:
 * Level 2.0 Fighting
 + Level 2.4 Short Blades
 + Level 2.1 Throwing
 * Level 3.0 Dodging
 * Level 9.1 Stealth
 * Level 1.8 Spellcasting


You had 7 spell levels left.
You didn't know any spells.
Your spell library contained the following spells:

 Spells                   Type           Power      Damage    Failure   Level
 Conjure Flame            Conj/Fire      1%         6-21      61%         3
 Ignite Poison            Fire/Tmut/Pois 1%         N/A       61%         3
 Sticky Flame             Conj/Fire      1%         2d3       95%         4


Dungeon Overview and Level Annotations

Branches:
Dungeon (4/15)             Temple (0/1) D:4

Altars:
Yredelemnul


Innate Abilities, Weirdness & Mutations

You are very small and have problems with some larger weapons.
You are too small for most types of armour.
You have supernaturally acute eyesight. (SInv)
You cover ground extremely quickly. (Speed+++)


Message History

The orc is heavily wounded.
The orc hits you from afar with a +0 trident.
The orc completely misses you.
You hit the orc but do no damage.
The orc looks even sicker.
The orc is heavily wounded.
The orc completely misses you. The orc closely misses you. The orc misses you.
The orc completely misses you.
You see here a +0 hand axe.
You closely miss the orc.
You kill the orc!
You hit the orc.
The orc is poisoned.
The orc is heavily wounded.
The orc hits you but does no damage.
You hit the orc.
You kill the orc!
Things that are here:
a +0 trident; a potion of attraction
v - a scroll of brand weapon You see here a +0 short sword.
You see here a +0 hand axe.
You see here a +0 dagger.
Found a stone staircase leading down.
Found a whip.
You see here a +0 whip.
Found a stone staircase leading up.
You now have 245 gold pieces (gained 14).
Found a staircase to the Ecumenical Temple.
An ogre comes into view. It is wielding a +0 giant club.
Found 8 gold pieces.
The ogre shouts!
You hit the ogre.
The ogre is poisoned.
The ogre is lightly wounded.
You hit the ogre.
The ogre looks as sick as possible!
The ogre is moderately wounded.
The ogre closely misses you.
You barely miss the ogre.
The ogre is moderately wounded.
The ogre hits you with a +0 giant club!!
Ouch! That really hurt!
You die...

≈≈≈≈≈≈≈≈.............
≈≈≈...≈≈≈≈≈≈............
≈≈≈.>.≈≈≈≈≈≈...........
≈≈≈...≈≈≈≈≈≈..#########
≈≈≈≈≈≈≈≈≈≈≈≈..#
≈≈≈≈≈≈≈≈≈≈≈...# ###
≈≈≈≈≈≈≈≈≈....## ####..
..≈≈≈≈≈......## ##.....
.......@......## #..<...
#......O....#..# #......
..$............###......
................##...(..
................##......
#................##.....
##...............##.....
##............#..#.....
..........#........


You could see an ogre (extremely poisoned).

Vanquished Creatures
  An ogre (D:4)
  An orc wizard (D:4)
  An adder (D:3)
  A shadow imp (D:3)
  2 worms
  A dart slug (D:2)
  12 orcs
  4 bats
  8 endoplasms
  5 giant cockroaches
  5 goblins
  4 hobgoblins
  2 jackals (D:1)
  3 quokkas
  2 ball pythons
  3 frilled lizards
  5 kobolds
  5 rats
65 creatures vanquished.

Notes
Turn   | Place    | Note
-------+----------+-------------------------------------------
     0 | D:1      | styxcanada the Spriggan Brigand began the quest for the
                  | Orb.
     0 | D:1      | Reached XP level 1. HP: 10/10 MP: 2/2
    41 | D:1      | Reached skill level 6 in Stealth
   313 | D:1      | Reached XP level 2. HP: 14/14 MP: 3/3
   330 | D:1      | Found a faded altar of an unknown god.
   854 | D:1      | Reached skill level 7 in Stealth
  1216 | D:2      | Reached XP level 3. HP: 18/18 MP: 4/4
  1300 | D:2      | Found a basalt altar of Yredelemnul.
  1964 | D:3      | Reached skill level 1 in Spellcasting
  2092 | D:3      | Reached XP level 4. HP: 23/23 MP: 6/6
  2722 | D:4      | Noticed an ogre
  2764 | D:4      | Killed an ogre
  2765 | D:4      | Reached skill level 8 in Stealth
  2765 | D:4      | Reached XP level 5. HP: 26/26 MP: 6/8
  2836 | D:4      | Reached skill level 9 in Stealth
  3425 | D:4      | Found a staircase to the Ecumenical Temple.
  3429 | D:4      | Noticed an ogre
  3439 | D:4      | Slain by an ogre

Illustrated notes

Levels and vault maps discovered:
D:1:      minmay_arrival_loop, layout_basic,
          hellmonk_ecumenical_altar_arch_garden, st_stairs_7
D:2:      layout_loops_ring, basic_altar
D:3:      layout_loops_ring
D:4:      layout_cave_pods, temple_pool_b

Skill      XL: |  1  2  3  4  5 |
---------------+----------------+-----
Stealth        | 6 7 8 9 |  9.1
Dodging        | 2 3 |  3.0
Spellcasting   | 1 |  1.8
Fighting       | 2 |  2.0
Short Blades   | |  2.4
Throwing       | |  2.1

Action                   |  1- 3 |  4- 6 || total
-------------------------+-------+-------++-------
Melee: Dagger            |    87 |    63 ||   150
Throw: Dart              |     2 |    17 ||    19
  Use: Scroll            |    11 |     1 ||    12
 Stab: Sleeping          |    29 |     1 ||    30
Armor: Robe              |     6 |     4 ||    10
Dodge: Dodged            |    28 |    47 ||    75
